 Dungeon Sprint DCSS version 0.30-a0-305-g026cb31310 (webtiles) character file.

Game seed: 4264662744231288706

459591 mhtbhm the Skullcrusher (level 20, -5/346 HPs)
             Began as an Armataur Berserker on Oct 21, 2022.
             Was the Champion of Trog.
             Engulfed by Lom Lobon's freezing vapour (6 damage)
             ... in the Dungeon (Sprint IX: "|||||||||||||||||||||||||||||") on Oct 22, 2022.
             The game lasted 00:27:45 (14609 turns).

mhtbhm the Skullcrusher (Armataur Berserker)       Turns: 14609, Time: 00:27:46

Health: -5/346     AC: 44    Str: 42    XL:     20   Next: 13%
Magic:  18/18      EV: 14    Int: 12    God:    Trog [******]
Gold:   1514       SH: 34    Dex: 10    Spells: 19/19 levels left

rFire   + . .      SeeInvis +    L - +9 double sword (holy)
rCold   + . .      Faith    .    x - +5 tower shield
rNeg    . . .      Spirit   .    b - +12 gold dragon scales
rPois   +          Reflect  +    v - +2 hat
rElec   +          Harm     .    u - +2 cloak {Will+}
rCorr   .          Roll     +    k - +0 pair of gloves of Dumuet {Str+4}
Will    ++...      NoTele   +    (no barding)
Stlth   ..........               F - amulet of Iladuig {Reflect rPois SH+5}
HPRegen 0.77/turn                M - ring "Lalontoh" {rElec Str+3 Int+3 SInv}
MPRegen 0.16/turn                p - ring "Wavaag Dergh" {Str+5 SInv}

@: berserking, very quick
A: large, rugged brown scales 3, deformed body, armoured tail, roll, long
tongue, awkward tongue, low MP 1
}: 9/17 runes: decaying, serpentine, barnacled, slimy, elven, silver, golden,
abyssal, gossamer
a: Renounce Religion, Berserk, Trog's Hand, Brothers in Arms


You were in the Dungeon.
You worshipped Trog.
Trog was exalted by your worship.
You visited 1 branch You collected 1972 gold pieces.
You spent 458 gold pieces at shops.

Inventory:

Hand Weapons
 a - a +9 vorpal great mace
 y - a +9 great mace of flaming
 z - the +8 whip "Snakebite" {venom, curare, rPois}
   (You found it in the Dungeon)

   It poisons the flesh of those it strikes.
   It occasionally inflicts asphyxiating poison on those it strikes, dealing
   poison damage and causing slowness.
   rPois:     It protects you from poison.
 L - a +9 double sword of holy wrath (weapon)
Missiles
 A - 5 javelins (quivered)
Armour
 b - +12 gold dragon scales (worn)
 k - the +0 pair of gloves of Dumuet (worn) {Str+4}
   (You found it in the Dungeon)

   Str:       It affects your strength (+4).
 u - a +2 cloak of willpower (worn)
 v - a +2 hat (worn)
 x - a +5 tower shield (worn)
Jewellery
 p - the ring "Wavaag Dergh" (right hand) {Str+5 SInv}
   (You found it in the Dungeon)

   [ring of see invisible]

   Str:       It affects your strength (+5).
   SInv:      It lets you see invisible.
 D - a +4 ring of evasion
 F - the amulet of Iladuig (around neck) {Reflect rPois SH+5}
   (You found it in the Dungeon)

   [amulet of reflection]

   It reflects blocked missile attacks.
   rPois:     It protects you from poison.
   SH:        It affects your SH (+5).
 G - the ring "Sekigeall" {rC+ rCorr}
   (You found it in the Dungeon)

   [ring of resist corrosion]

   rC:        It protects you from cold.
   rCorr:     It protects you from acid and corrosion.
 H - the ring of Bunoex {rPois rCorr}
   (You found it in the Dungeon)

   [ring of poison resistance]

   rPois:     It protects you from poison.
   rCorr:     It protects you from acid and corrosion.
 M - the ring "Lalontoh" (left hand) {rElec Str+3 Int+3 SInv}
   (You found it in the Dungeon)

   [ring of intelligence]

   Str:       It affects your strength (+3).
   Int:       It affects your intelligence (+3).
   rElec:     It insulates you from electricity.
   SInv:      It lets you see invisible.
 N - the ring "Asewk" {rPois Str+2 Slay+3}
   (You found it in the Dungeon)

   [ring of slaying]

   Str:       It affects your strength (+2).
   Slay:      It affects your accuracy & damage with ranged weapons and melee
   (+3).
   rPois:     It protects you from poison.
Wands
 j - a wand of light (10)
 m - a wand of charming (9)
 t - a wand of mindburst (12)
 C - a wand of flame (14)
Scrolls
 h - a scroll of blinking
 o - 10 scrolls of identify
 q - a scroll of butterflies
 r - a scroll of enchant armour
 s - 3 scrolls of enchant weapon
 w - 2 scrolls of immolation
 K - a scroll of fear
Potions
 c - 9 potions of curing
 d - 15 potions of heal wounds
 e - 11 potions of haste
 f - 9 potions of magic
 g - 3 potions of berserk rage
 i - a potion of invisibility
 l - 3 potions of might
 I - 3 potions of resistance
 J - a potion of mutation
Miscellaneous
 n - the horn of Geryon (inert)


   Skills:
 O Level 27 Fighting
 * Level 23.7 Long Blades
 O Level 27 Maces & Flails
 + Level 26.8 Throwing
 O Level 27 Armour
 O Level 27 Dodging
 + Level 5.1 Stealth
 O Level 27 Shields
 * Level 13.9 Evocations


You had 19 spell levels left.
You didn't know any spells.
Your spell library was empty.

Dungeon Overview and Level Annotations

Branches:
Dungeon (1/1)

Altars:
Cheibriados
Dithmenos
Elyvilon
Fedhas
Gozag
Hepliaklqana
Kikubaaqudgha
Makhleb
Nemelex Xobeh
Okawaru
Qazlal
Ru
Sif Muna
Trog
Uskayaw
Vehumet
Wu Jian
Xom
Yredelemnul
Zin
The Shining One
Jiyva
Lugonu

Shops:
D (**[

Annotations:
D Antaeus, Dispater, Lom Lobon


Innate Abilities, Weirdness & Mutations

You are completely covered in rugged brown scales. (AC +3, +7% HP)
Armour fits poorly on your strangely shaped body.
You have a long armoured tail.
You roll when moving toward enemies. (Rampage)
Your long tongue fully drains potion bottles. (2x potion effects)
Your tongue gives you trouble enunciating. (1.5x scroll delay)
Your magical capacity is low. (-10% MP)


Message History

Lom Lobon is heavily wounded.
You are engulfed in freezing vapours.
You resist. Antaeus gestures at you.
The bolt of lightning hits Lom Lobon.
Lom Lobon completely resists.
The bolt of lightning hits you! You resist.
* * * LOW HITPOINT WARNING * * *
You block Lom Lobon's attack.
Unknown command.
Unknown command.
Unknown command.
You slice Lom Lobon like a ripe choko!!!
Lom Lobon convulses!!!
Your tail-slap misses Lom Lobon.
Lom Lobon is severely wounded.
You are engulfed in freezing vapours.
You resist.
Unknown command.
Unknown command.
Unknown command.
You slice Lom Lobon!!
Lom Lobon convulses!
Lom Lobon is almost dead.
You are engulfed in freezing vapours.
You resist.
You miss Lom Lobon.
Lom Lobon is almost dead.
You are engulfed in freezing vapours.
You resist.
Unknown command.
Unknown command.
You slice Antaeus!!
Antaeus convulses!
Antaeus is lightly wounded.
You are engulfed in freezing vapours.
You resist.
Unknown command.
You hit Antaeus.
Antaeus convulses.
You tail-slap Antaeus, but do no damage.
Antaeus is lightly wounded.
You are engulfed in freezing vapours.
You resist.
* * * LOW HITPOINT WARNING * * *
Lom Lobon gestures. 2 ball lightnings come into view.
You hit Antaeus but do no damage.
Antaeus is lightly wounded.
You are engulfed in freezing vapours.
You resist.
You die...

▓.▓.▓.▓.▓)▓.▓)▓.▓.▓.
▓.▓.▓'▓.▓[▓.▓'▓.▓.▓.
▓.▓.▓)▓.▓[▓.▓.▓.▓.▓.
▓.▓.▓.▓.▓[▓.▓.▓.▓[▓.
▓.▓.▓.▓.♣)♣.▓.▓.▓)▓.
▓.▓○▓.▓.♣.♣.▓.▓.▓.▓.
▓.▓○▓.▓.♣.♣.▓)▓.▓.▓.
▓.▓§▓.▓.♣.♣.▓)▓.▓.▓.
▓.▓@▓.▓.♣.♣.▓.▓.▓)▓.
▓.▓C▓.▓.♣.♣.▓[▓.▓)▓.
▓.▓&▓.▓.♣.♣.▓'▓.▓)▓.
▓.▓*▓)▓.♣)♣.▓.▓.▓)▓.
▓.▓*▓'▓.♣)♣.▓.▓.▓)▓.
▓.▓(▓.▓.♣)♣.▓.▓.▓.▓.
▓.▓.▓.▓.♣)♣.▓.▓.▓.▓.
▓.▓.▓.▓.♣)♣.▓)▓.▓.▓.
▓.▓8▓.▓.▓.▓.▓.▓.▓)▓.


You could see Antaeus, Lom Lobon (gusty) and 2 ball lightnings.

Vanquished Creatures
  the Royal Jelly (D)
  Mara (D)
  4 orbs of fire (D)
  3 ancient liches (D)
  Mennas (D)
  3 royal mummies (D)
  Boris (D)
  Sojobo (D)
  Margery (D)
  Nikola (D)
  Geryon (D)
  2 bone dragons (D)
  3 golden dragons (D)
  Jory (D)
  6 electric golems (D)
  Rupert (D)
  4 tentacled monstrosities (D)
  3 liches (D)
  26 Orb Guardians (D)
  2 deep elf master archers (D)
  2 deep elf blademasters (D)
  13 sphinxes (D)
  2 quicksilver dragons (D)
  5 acid blobs (D)
  Gastronok (D)
  2 death cobs (D)
  Kirke (D)
  2 storm dragons (D)
  8 shadow dragons (D)
  2 tengu reavers (D)
  A draconian monk (D)
  4 nagarajas (D)
  Ilsuiw (D)
  2 draconian knights (D)
  3 fire giants (D)
  10 azure jellies (D)
  10 rockslimes (D)
  A fenstrider witch (D)
  2 frost giants (D)
  Louise (D)
  4 vault wardens (D)
  3 draconian scorchers (D)
  2 deep elf sorcerers (D)
  5 emperor scorpions (D)
  2 ghost moths (D)
  4 draconian stormcallers (D)
  A draconian shifter (D)
  4 stone giants (D)
  3 very ugly things (D)
  2 ironbound thunderhulks (D)
  A deep elf demonologist (D)
  9 vampire knights (D)
  5 green draconians (D)
  3 yellow draconians (D)
  4 black draconians (D)
  2 deep elf annihilators (D)
  Azrael (D)
  A bunyip (D)
  4 white draconians (D)
  A spark wasp (D)
  2 red draconians (D)
  2 purple draconians (D)
  Snorg (D)
  2 deep elf death magi (D)
  6 merfolk javelineers (D)
  5 merfolk impalers (D)
  2 ettins (D)
  7 yaktaur captains (D)
  6 fire dragons (D)
  3 deep elf high priests (D)
  7 mummy priests (D)
  4 hydras (D)
  2 entropy weavers (D)
  A great orb of eyes (D)
  5 ice dragons (D)
  A salamander tyrant (D)
  Erolcha (D)
  2 spriggan air magi (D)
  A merfolk avatar (D)
  An alligator snapping turtle (D)
  A ghost crab (D)
  A peacekeeper (D)
  An ironbound frostheart (D)
  25 vault guards (D)
  A jorogumo (D)
  2 boulder beetles (D)
  A merfolk aquamancer (D)
  A deep troll shaman (D)
  5 naga warriors (D)
  3 tengu warriors (D)
  A deep troll earth mage (D)
  A satyr (D)
  A death yak (D)
  4 hell knights (D)
  A naga sharpshooter (D)
  Urug (D)
  2 spriggan berserkers (D)
  12 spriggans (D)
  Nergalle (D)
  A thrashing horror (D)
  A sixfirhy (D)
  A skeletal warrior (D)
  3 glowing orange brains (D)
  7 swamp dragons (D)
  A naga ritualist (D)
  An orb spider (D)
  2 wizards (D)
  A flayed ghost (D)
  A lindwurm (D)
  A bog body (D)
  2 spriggan druids (D)
  4 orc knights (D)
  5 ironbound convokers (D)
  A mana viper (D)
  A harpy (D)
  A necromancer (D)
  A deep elf pyromancer (D)
  A wolf spider (D)
  A will-o-the-wisp (D)
  9 orc sorcerers (D)
  A wolf spider (shapeshifter) (D)
  2 manticores (D)
  9 moths of wrath (D)
  A cyclops (D)
  A moth of wrath (shapeshifter) (D)
  An elephant (D)
  A guardian serpent (shapeshifter) (D)
  2 water nymphs (D)
  An elephant (shapeshifter) (D)
  4 black mambas (D)
  A guardian serpent (D)
  5 vault sentinels (D)
  2 cane toads (D)
  5 naga magi (D)
  A komodo dragon (D)
  2 demonic crawlers (D)
  A yaktaur (D)
  18 guardian mummies (D)
  An efreet (D)
  A tengu conjurer (D)
  A troll (D)
  A meliai (D)
  A wandering mushroom (D)
  A merfolk (D)
  A tarantella (D)
  A raiju (D)
  A hornet (D)
  A blink frog (D)
  2 slime creatures (D)
  A large abomination (D)
  A snapping turtle (D)
  2 fire elementals (D)
  6 yaks (D)
  A hog (D)
  A redback (D)
  A warg (D)
  2 acid dragons (D)
  2 hell hounds (D)
  4 water moccasins (D)
  A swamp drake (D)
  9 orc warriors (D)
  7 wolves (D)
  2 bullfrogs (D)
  A kobold brigand (D)
  A howler monkey (D)
  3 hounds (D)
  3 orc priests (D)
  3 small abominations (D)
  An iron imp (D)
  11 orc wizards (D)
  A hell rat (D)
  A dart slug (D)
  4 orcs (D)
  A giant cockroach (D)
  2 goblins (D)
  A jackal (D)
  A quokka (D)
  A bat (D)
  2 ball lightnings (D)
  2 blocks of ice (D)
  A lurking horror (D)
522 creatures vanquished.

Vanquished Creatures (collateral kills)
  A merfolk javelineer (D)
  A necromancer (D)
2 creatures vanquished.

Vanquished Creatures (others)
  A moth of wrath (D)
  4 humans (D)
  7 ball lightnings (D)
  5 blocks of ice (D)
17 creatures vanquished.

Grand Total: 541 creatures vanquished

Notes
Turn   | Place    | Note
-------+----------+-------------------------------------------
     0 | D        | mhtbhm the Armataur Berserker began the quest for the Orb.
     0 | D        | Reached XP level 1. HP: 19/19 MP: 1/1
     8 | D        | Reached ** piety under Trog
    38 | D        | Noticed a hound
    38 | D        | Noticed a hound
    38 | D        | Noticed a hound
    44 | D        | Killed a hound
    45 | D        | Reached XP level 2. HP: 29/29 MP: 2/2
    45 | D        | Reached XP level 3. HP: 36/36 MP: 3/3
    47 | D        | Reached *** piety under Trog
    48 | D        | Reached skill level 5 in Maces & Flails
    49 | D        | Reached skill level 5 in Fighting
    49 | D        | Reached XP level 4. HP: 44/44 MP: 4/4
    60 | D        | Found a snail-covered altar of Cheibriados.
    60 | D        | Found a shadowy altar of Dithmenos.
    60 | D        | Found a white marble altar of Elyvilon.
    60 | D        | Found a blossoming altar of Fedhas.
    60 | D        | Found an opulent altar of Gozag.
    61 | D        | Found a hazy altar of Hepliaklqana.
    62 | D        | Found a viscous altar of Jiyva.
    63 | D        | Found an ancient bone altar of Kikubaaqudgha.
    64 | D        | Found a corrupted altar of Lugonu.
    65 | D        | Found a burning altar of Makhleb.
    66 | D        | Found a sparkling altar of Nemelex Xobeh.
    67 | D        | Found an iron altar of Okawaru.
    68 | D        | Found a stormy altar of Qazlal.
    69 | D        | Found a sacrificial altar of Ru.
    70 | D        | Found a shimmering blue altar of Sif Muna.
    71 | D        | Found a bloodstained altar of Trog.
    72 | D        | Found a hide-covered altar of Uskayaw.
    73 | D        | Found a radiant altar of Vehumet.
    74 | D        | Found an ornate altar of the Wu Jian Council.
    75 | D        | Found a shimmering altar of Xom.
    76 | D        | Found a basalt altar of Yredelemnul.
    77 | D        | Found a glowing silver altar of Zin.
    78 | D        | Found a glowing golden altar of the Shining One.
   141 | D        | Noticed an acid dragon
   141 | D        | Noticed a yak
   141 | D        | Noticed a kobold brigand
   141 | D        | Noticed a yak
   141 | D        | Noticed a yak
   147 | D        | Reached **** piety under Trog
   151 | D        | Killed a yak
   152 | D        | Reached skill level 5 in Armour
   152 | D        | Reached XP level 5. HP: 55/55 MP: 5/5
   153 | D        | Killed a yak
   154 | D        | Reached XP level 6. HP: 65/65 MP: 6/6
   157 | D        | Reached skill level 1 in Stealth
   160 | D        | Killed a yak
   161 | D        | Reached skill level 10 in Maces & Flails
   161 | D        | Reached XP level 7. HP: 73/73 MP: 7/7
   224 | D        | Noticed a slime creature
   224 | D        | Noticed a manticore
   224 | D        | Noticed a troll
   224 | D        | Noticed a deep elf pyromancer
   224 | D        | Noticed a manticore
   228 | D        | Killed a manticore
   229 | D        | Reached XP level 8. HP: 84/84 MP: 8/8
   231 | D        | Killed a deep elf pyromancer
   231 | D        | Reached ***** piety under Trog
   232 | D        | Reached skill level 10 in Fighting
   234 | D        | Killed a troll
   235 | D        | Reached skill level 5 in Dodging
   238 | D        | Killed a manticore
   239 | D        | Reached XP level 9. HP: 95/95 MP: 9/9
   242 | D        | Received a gift from Trog
   388 | D        | Got the ring "Wavaag Dergh" {Str+5 SInv}
   404 | D        | Noticed a cane toad
   404 | D        | Noticed an elephant
   409 | D        | Killed an elephant
   411 | D        | Noticed a death yak
   414 | D        | Killed a cane toad
   424 | D        | Killed a death yak
   425 | D        | Reached skill level 15 in Maces & Flails
   431 | D        | Received a gift from Trog
   432 | D        | Reached XP level 10. HP: 73/103 MP: 10/10
   580 | D        | Noticed a boulder beetle
   580 | D        | Noticed a black mamba
   585 | D        | Killed a black mamba
   587 | D        | Noticed a cane toad
   596 | D        | Killed a cane toad
   596 | D        | Reached ****** piety under Trog
   665 | D        | Killed a boulder beetle
   665 | D        | Received a gift from Trog
   788 | D        | Received a gift from Trog
   891 | D        | Noticed Erolcha
   899 | D        | Killed Erolcha
   900 | D        | Reached skill level 10 in Armour
   922 | D        | Noticed Gastronok
   935 | D        | Killed Gastronok
   936 | D        | Reached XP level 11. HP: 114/117 MP: 11/11
   986 | D        | Noticed a stone giant
   986 | D        | Received a gift from Trog
  1003 | D        | Killed a stone giant
  1006 | D        | Received a gift from Trog
  1014 | D        | Received a gift from Trog
  1240 | D        | Noticed an orc knight
  1242 | D        | Noticed an orc knight
  1248 | D        | Received a gift from Trog
  1255 | D        | Killed an orc knight
  1262 | D        | Killed an orc knight
  1263 | D        | Reached skill level 15 in Fighting
  1325 | D        | Found Varaell's Armour Boutique.
  1325 | D        | Noticed an orc sorcerer
  1325 | D        | Noticed an orc sorcerer
  1325 | D        | Noticed an orc sorcerer
  1326 | D        | Noticed an orc sorcerer
  1328 | D        | Killed an orc sorcerer
  1328 | D        | Received a gift from Trog
  1329 | D        | Noticed an orc sorcerer
  1329 | D        | Found Mozxos's Assorted Antiques.
  1332 | D        | Killed an orc sorcerer
  1333 | D        | Found Xauxaq's General Store.
  1337 | D        | Killed an orc sorcerer
  1337 | D        | Noticed an orc sorcerer
  1338 | D        | Killed an orc sorcerer
  1338 | D        | Received a gift from Trog
  1339 | D        | Killed an orc sorcerer
  1340 | D        | Found Rozebati's Antique Weapon Shop.
  1340 | D        | Noticed an orc sorcerer
  1343 | D        | Noticed an orc sorcerer
  1345 | D        | Killed an orc sorcerer
  1346 | D        | Noticed an orc sorcerer
  1348 | D        | Killed an orc sorcerer
  1349 | D        | Received a gift from Trog
  1352 | D        | Killed an orc sorcerer
  1357 | D        | Killed an orc sorcerer
  1410 | D        | Bought a faintly glowing chain mail for 180 gold pieces
  1410 | D        | Identified the +8 chain mail of Bappigrokest {Harm +Blink
                  | rC+ Stlth+} (You bought it in a shop in the Dungeon)
  1417 | D        | Bought a potion of might for 44 gold pieces
  1417 | D        | Bought a scroll of immolation for 44 gold pieces
  1427 | D        | Bought a potion of might for 76 gold pieces
  1427 | D        | Bought a scroll of immolation for 76 gold pieces
  1427 | D        | Bought a scroll of identify for 38 gold pieces
  1615 | D        | Noticed a tengu warrior
  1615 | D        | Noticed a skeletal warrior
  1615 | D        | Noticed an orc knight
  1615 | D        | Noticed a boulder beetle
  1621 | D        | Identified the +7 dire flail "Jituawedgh" {flame, Fragile
                  | rCorr Int-3 Dex+8} (Trog gifted it to you in the Dungeon)
  1621 | D        | Received a gift from Trog
  1622 | D        | Reached XP level 12. HP: 132/132 MP: 12/12
  1625 | D        | Noticed a fire giant
  1628 | D        | Noticed a frost giant
  1634 | D        | Killed a tengu warrior
  1634 | D        | Noticed a red very ugly thing
  1638 | D        | Received a gift from Trog
  1638 | D        | Noticed an ettin
  1640 | D        | Noticed a lich
  1646 | D        | Killed a fire giant
  1650 | D        | Killed a frost giant
  1651 | D        | Noticed an ice dragon
  1652 | D        | Killed a red very ugly thing
  1655 | D        | Killed a lich
  1657 | D        | Killed an ettin
  1663 | D        | Killed an ice dragon
  1920 | D        | Killed a boulder beetle
  2146 | D        | Noticed Snorg
  2151 | D        | Killed Snorg
  2151 | D        | Identified the +2 dire flail of the Nexus {vorpal, Fragile
                  | Fly rElec Int-4} (Trog gifted it to you in the Dungeon)
  2151 | D        | Received a gift from Trog
  2183 | D        | Noticed Urug
  2189 | D        | Killed Urug
  2272 | D        | Noticed a satyr
  2272 | D        | Noticed a merfolk javelineer
  2272 | D        | Noticed an alligator snapping turtle
  2295 | D        | Killed an alligator snapping turtle
  2342 | D        | Noticed a merfolk javelineer
  2350 | D        | Killed a merfolk javelineer
  2351 | D        | Reached XP level 13. HP: 145/145 MP: 13/13
  2351 | D        | Received a gift from Trog
  2359 | D        | Killed a merfolk javelineer
  2359 | D        | Received a gift from Trog
  2480 | D        | Noticed a fenstrider witch
  2488 | D        | Noticed a bunyip
  2492 | D        | Killed a fenstrider witch
  2497 | D        | Received a gift from Trog
  2498 | D        | Reached skill level 15 in Armour
  2501 | D        | Killed a bunyip
  2567 | D        | Received a gift from Trog
  2577 | D        | Received a gift from Trog
  2582 | D        | HP: 6/149 [poisoned by a black mamba]
  2586 | D        | HP: 2/149 [poisoned by a black mamba]
  2617 | D        | Noticed an emperor scorpion
  2937 | D        | Killed an emperor scorpion
  2977 | D        | Received a gift from Trog
  2983 | D        | Reached skill level 5 in Stealth
  3124 | D        | Noticed Kirke
  3130 | D        | Noticed a sphinx
  3133 | D        | Killed Kirke
  3133 | D        | Received a gift from Trog
  3168 | D        | Noticed Azrael
  3176 | D        | Killed Azrael
  3187 | D        | Noticed Nergalle
  3192 | D        | Killed Nergalle
  3192 | D        | Received a gift from Trog
  3193 | D        | Reached XP level 14. HP: 111/161 MP: 14/14
  3344 | D        | Noticed a sphinx
  3352 | D        | Noticed a tentacled monstrosity
  3353 | D        | Noticed a stone giant
  3354 | D        | Killed a sphinx
  3355 | D        | Upgraded the game from 0.30-a0-304-gdc4b735fe1 to
                  | 0.30-a0-305-g026cb31310
  3356 | D        | Noticed a frost giant
  3375 | D        | Killed a tentacled monstrosity
  3592 | D        | Noticed a fire giant
  3595 | D        | Killed a stone giant
  3600 | D        | Killed a frost giant
  3600 | D        | Received a gift from Trog
  3604 | D        | Killed a fire giant
  3608 | D        | Received a gift from Trog
  3609 | D        | Noticed a stone giant
  3623 | D        | Killed a stone giant
  3704 | D        | Noticed a vault warden
  3706 | D        | Received a gift from Trog
  3707 | D        | Noticed an ironbound thunderhulk
  3713 | D        | Noticed an ironbound thunderhulk
  3722 | D        | Killed a vault warden
  3726 | D        | Received a gift from Trog
  3727 | D        | Noticed a vault warden
  3729 | D        | Killed an ironbound thunderhulk
  3730 | D        | Killed an ironbound thunderhulk
  4011 | D        | Received a gift from Trog
  4023 | D        | Killed a vault warden
  4024 | D        | Received a gift from Trog
  4161 | D        | Noticed Louise
  4165 | D        | Noticed Margery
  4177 | D        | Killed Louise
  4177 | D        | Received a gift from Trog
  4195 | D        | HP: 11/253 [Margery/bolt of fire (51)]
  4197 | D        | Killed Margery
  4198 | D        | Reached XP level 15. HP: 12/177 MP: 15/15
  4198 | D        | HP: 3/265 [hell knight/+2 demon trident[Margery] (10)]
  4214 | D        | Received a gift from Trog
  4750 | D        | Got the +0 pair of gloves of Dumuet {Str+4}
  4863 | D        | Noticed Jory
  4871 | D        | Killed Jory
  4993 | D        | Noticed an emperor scorpion
  4999 | D        | Killed an emperor scorpion
  5035 | D        | Noticed an emperor scorpion
  5035 | D        | Noticed an emperor scorpion
  5039 | D        | Killed an emperor scorpion
  5039 | D        | Received a gift from Trog
  5045 | D        | Killed an emperor scorpion
  5046 | D        | Noticed an emperor scorpion
  5055 | D        | Killed an emperor scorpion
  5055 | D        | Received a gift from Trog
  5065 | D        | Got a gossamer rune of Zot
  5185 | D        | Noticed a nagaraja
  5185 | D        | Noticed a nagaraja
  5185 | D        | Noticed a nagaraja
  5187 | D        | Noticed a nagaraja
  5188 | D        | Killed a nagaraja
  5189 | D        | Killed a nagaraja
  5198 | D        | Killed a nagaraja
  5198 | D        | Received a gift from Trog
  5199 | D        | Killed a nagaraja
  5208 | D        | Reached skill level 27 in Maces & Flails
  5210 | D        | Received a gift from Trog
  5228 | D        | Reached skill level 10 in Dodging
  5229 | D        | Received a gift from Trog
  5252 | D        | Received a gift from Trog
  5253 | D        | Reached skill level 27 in Fighting
  5256 | D        | Got a decaying rune of Zot
  5271 | D        | Got a serpentine rune of Zot
  5451 | D        | Noticed Ilsuiw
  5471 | D        | Killed Ilsuiw
  5483 | D        | Received a gift from Trog
  5884 | D        | Received a gift from Trog
  6116 | D        | Got a barnacled rune of Zot
  6166 | D        | Noticed Mara
  6186 | D        | Noticed mhtbhm's illusion
  6210 | D        | Noticed mhtbhm's illusion
  6213 | D        | Killed Mara
  6432 | D        | Noticed Mennas
  6446 | D        | Killed Mennas
  6447 | D        | Reached XP level 16. HP: 195/195 MP: 16/16
  6588 | D        | Received a gift from Trog
  6616 | D        | Received a gift from Trog
  6636 | D        | Identified the +6 hand axe of the Common Good {flame,
                  | Fragile rElec rCorr Str+4} (Trog gifted it to you in the
                  | Dungeon)
  6636 | D        | Received a gift from Trog
  6918 | D        | Reached skill level 27 in Armour
  6933 | D        | Received a gift from Trog
  6937 | D        | Reached skill level 15 in Dodging
  7050 | D        | Noticed a shadow dragon
  7061 | D        | Killed a shadow dragon
  7065 | D        | Noticed a shadow dragon
  7070 | D        | Received a gift from Trog
  7074 | D        | Noticed a shadow dragon
  7081 | D        | Killed a shadow dragon
  7084 | D        | Received a gift from Trog
  7085 | D        | Identified the +1 leather armour of Bitterness {+Inv Regen+
                  | Int+7}
  7087 | D        | Killed a shadow dragon
  7095 | D        | Received a gift from Trog
  7162 | D        | Noticed a shadow dragon
  7162 | D        | Noticed a shadow dragon
  7162 | D        | Noticed a shadow dragon
  7162 | D        | Noticed a shadow dragon
  7165 | D        | Found the +8 whip "Snakebite" {venom, curare, rPois}
  7168 | D        | Killed a shadow dragon
  7170 | D        | Noticed a shadow dragon
  7171 | D        | Killed a shadow dragon
  7179 | D        | Killed a shadow dragon
  7182 | D        | Killed a shadow dragon
  7182 | D        | Received a gift from Trog
  7191 | D        | Killed a shadow dragon
  7197 | D        | Got a silver rune of Zot
  7240 | D        | Noticed Rupert
  7256 | D        | Killed Rupert
  7570 | D        | Got the amulet of Iladuig {Reflect rPois SH+5}
  7572 | D        | Got the ring "Sekigeall" {rC+ rCorr}
  7574 | D        | Got the ring of Bunoex {rPois rCorr}
  7576 | D        | Got the ring "Lalontoh" {rElec Str+3 Int+3 SInv}
  7578 | D        | Got the ring "Asewk" {rPois Str+2 Slay+3}
  7814 | D        | Noticed Sojobo
  7814 | D        | Noticed a tengu reaver
  7815 | D        | Noticed a tengu reaver
  7818 | D        | Noticed Boris
  7839 | D        | Killed Sojobo
  7839 | D        | Received a gift from Trog
  7845 | D        | Killed a tengu reaver
  7855 | D        | Killed a tengu reaver
  7858 | D        | Killed Boris
  7859 | D        | Reached skill level 5 in Shields
  7859 | D        | Reached XP level 17. HP: 156/204 MP: 17/17
  8069 | D        | Noticed Nikola
  8075 | D        | Killed Nikola
  8096 | D        | Received a gift from Trog
  8112 | D        | Received a gift from Trog
  8175 | D        | Noticed a bone dragon
  8175 | D        | Noticed a bone dragon
  8175 | D        | Noticed a golden dragon
  8187 | D        | Killed a bone dragon
  8187 | D        | Received a gift from Trog
  8194 | D        | Killed a bone dragon
  8195 | D        | Reached skill level 10 in Shields
  8196 | D        | Killed a golden dragon
  8205 | D        | Received a gift from Trog
  8222 | D        | Noticed a golden dragon
  8228 | D        | Received a gift from Trog
  8235 | D        | Reached skill level 1 in Throwing
  8251 | D        | Killed a golden dragon
  8435 | D        | Noticed a tentacled monstrosity
  8442 | D        | Killed a tentacled monstrosity
  8448 | D        | Received a gift from Trog
  8556 | D        | Noticed a tentacled monstrosity
  8561 | D        | Received a gift from Trog
  8562 | D        | Reached skill level 15 in Shields
  8566 | D        | Killed a tentacled monstrosity
  8583 | D        | Received a gift from Trog
  8808 | D        | Noticed a quicksilver dragon
  8812 | D        | Killed a quicksilver dragon
  8831 | D        | Received a gift from Trog
  9106 | D        | Noticed an Orb Guardian
  9106 | D        | Noticed an Orb Guardian
  9106 | D        | Noticed an Orb Guardian
  9106 | D        | Noticed an Orb Guardian
  9106 | D        | Noticed an Orb Guardian
  9106 | D        | Noticed an Orb Guardian
  9109 | D        | Noticed an Orb Guardian
  9111 | D        | Killed an Orb Guardian
  9114 | D        | Killed an Orb Guardian
  9117 | D        | Killed an Orb Guardian
  9117 | D        | Received a gift from Trog
  9122 | D        | Killed an Orb Guardian
  9124 | D        | Killed an Orb Guardian
  9124 | D        | Noticed an Orb Guardian
  9127 | D        | Killed an Orb Guardian
  9131 | D        | Killed an Orb Guardian
  9132 | D        | Reached XP level 18. HP: 200/214 MP: 18/18
  9140 | D        | Killed an Orb Guardian
  9142 | D        | Noticed an Orb Guardian
  9143 | D        | Noticed an Orb Guardian
  9147 | D        | Killed an Orb Guardian
  9147 | D        | Received a gift from Trog
  9149 | D        | Killed an Orb Guardian
  9154 | D        | Noticed an Orb Guardian
  9154 | D        | Noticed an Orb Guardian
  9155 | D        | Noticed an Orb Guardian
  9161 | D        | Killed an Orb Guardian
  9161 | D        | Noticed an Orb Guardian
  9162 | D        | Reached skill level 27 in Dodging
  9165 | D        | Killed an Orb Guardian
  9172 | D        | Received a gift from Trog
  9179 | D        | Killed an Orb Guardian
  9180 | D        | Reached skill level 5 in Throwing
  9180 | D        | Killed an Orb Guardian
  9547 | D        | Noticed an ancient lich
  9550 | D        | Killed an ancient lich
  9808 | D        | Noticed an orb of fire
  9808 | D        | Gained mutation: Your magical capacity is low. (-10% MP)
                  | [an orb of fire]
  9815 | D        | Killed an orb of fire
  9815 | D        | Received a gift from Trog
  9949 | D        | Noticed an electric golem
  9960 | D        | Killed an electric golem
 10029 | D        | Noticed an orb of fire
 10029 | D        | Noticed an electric golem
 10029 | D        | Noticed an electric golem
 10029 | D        | Noticed a tentacled monstrosity
 10029 | D        | Noticed an electric golem
 10029 | D        | Noticed an electric golem
 10034 | D        | Killed an electric golem
 10035 | D        | Noticed an electric golem
 10038 | D        | Killed a tentacled monstrosity
 10039 | D        | Noticed an orb of fire
 10043 | D        | Killed an orb of fire
 10046 | D        | Killed an electric golem
 10046 | D        | Received a gift from Trog
 10060 | D        | Killed an orb of fire
 10061 | D        | Reached skill level 27 in Shields
 10064 | D        | Killed an electric golem
 10065 | D        | Reached skill level 10 in Throwing
 10067 | D        | Killed an electric golem
 10077 | D        | Killed an electric golem
 10158 | D        | Noticed a golden dragon
 10159 | D        | Noticed an orb of fire
 10163 | D        | Killed a golden dragon
 10168 | D        | Killed an orb of fire
 10168 | D        | Received a gift from Trog
 10175 | D        | Reached skill level 15 in Throwing
 10401 | D        | Noticed an Orb Guardian
 10401 | D        | Noticed an Orb Guardian
 10401 | D        | Noticed an Orb Guardian
 10401 | D        | Noticed an Orb Guardian
 10401 | D        | Noticed an Orb Guardian
 10401 | D        | Noticed an Orb Guardian
 10407 | D        | Killed an Orb Guardian
 10410 | D        | Killed an Orb Guardian
 10410 | D        | Received a gift from Trog
 10414 | D        | Killed an Orb Guardian
 10418 | D        | Killed an Orb Guardian
 10420 | D        | Killed an Orb Guardian
 10426 | D        | Killed an Orb Guardian
 10429 | D        | Noticed an Orb Guardian
 10430 | D        | Noticed an Orb Guardian
 10430 | D        | Noticed an Orb Guardian
 10431 | D        | Noticed an Orb Guardian
 10431 | D        | Noticed an Orb Guardian
 10433 | D        | Killed an Orb Guardian
 10433 | D        | Identified the +7 mace "Gosoi" {vorpal, *Rage Will+ Dex+6}
                  | (Trog gifted it to you in the Dungeon)
 10433 | D        | Received a gift from Trog
 10435 | D        | Killed an Orb Guardian
 10437 | D        | Killed an Orb Guardian
 10439 | D        | Killed an Orb Guardian
 10440 | D        | Noticed an Orb Guardian
 10441 | D        | Killed an Orb Guardian
 10447 | D        | Killed an Orb Guardian
 10568 | D        | Noticed a lich
 10568 | D        | Noticed a lich
 10571 | D        | Noticed an ancient lich
 10573 | D        | Received a gift from Trog
 10574 | D        | Reached skill level 5 in Long Blades
 10574 | D        | Killed a lich
 10576 | D        | Killed a lich
 10576 | D        | Received a gift from Trog
 10577 | D        | Reached XP level 19. HP: 209/221 MP: 17/17
 10579 | D        | Noticed an ancient lich
 10584 | D        | Killed an ancient lich
 10585 | D        | Reached skill level 10 in Long Blades
 10588 | D        | Received a gift from Trog
 10593 | D        | Killed an ancient lich
 10596 | D        | Identified the +4 great sword of Neurosis {flame, Dex+5
                  | SInv} (Trog gifted it to you in the Dungeon)
 10596 | D        | Received a gift from Trog
 10744 | D        | Received a gift from Trog
 10832 | D        | Received a gift from Trog
 10844 | D        | Received a gift from Trog
 10845 | D        | Reached skill level 15 in Long Blades
 10855 | D        | Received a gift from Trog
 10863 | D        | Got an elven rune of Zot
 10988 | D        | Received a gift from Trog
 11000 | D        | Noticed the Royal Jelly
 11007 | D        | Killed the Royal Jelly
 11036 | D        | Received a gift from Trog
 11239 | D        | Received a gift from Trog
 11242 | D        | Got a slimy rune of Zot
 11536 | D        | Received a gift from Trog
 11543 | D        | Reached skill level 5 in Evocations
 11552 | D        | Identified the +8 scimitar of Darkness {vorpal, *Rage
                  | +Blink Dex+6} (Trog gifted it to you in the Dungeon)
 11552 | D        | Received a gift from Trog
 11564 | D        | Received a gift from Trog
 11633 | D        | Received a gift from Trog
 11967 | D        | Received a gift from Trog
 11968 | D        | Reached skill level 10 in Evocations
 12329 | D        | Received a gift from Trog
 12342 | D        | Noticed a royal mummy
 12342 | D        | Noticed a royal mummy
 12342 | D        | Noticed a royal mummy
 12348 | D        | Killed a royal mummy
 12349 | D        | Reached XP level 20. HP: 86/231 MP: 18/18
 12349 | D        | Killed a royal mummy
 12349 | D        | Received a gift from Trog
 12351 | D        | Killed a royal mummy
 12856 | D        | Got a golden rune of Zot
 12862 | D        | Received a gift from Trog
 12881 | D        | Got an abyssal rune of Zot
 13008 | D        | Noticed Geryon
 13018 | D        | Killed Geryon
 14441 | D        | Noticed Antaeus
 14441 | D        | Noticed Lom Lobon
 14442 | D        | Found the +4 staff of Dispater
 14442 | D        | Noticed Dispater
 14600 | D        | HP: 11/346 [spore (8)]
 14603 | D        | HP: 1/346 [Antaeus/bolt of lightning (8)]
 14608 | D        | HP: 1/346 [Lom Lobon] (2)]
 14609 | D        | Engulfed by Lom Lobon's freezing vapour

Illustrated notes

Levels and vault maps discovered:
D:        linesprint [early_d, line_temple, items_1, d_10, items_2, lair_1,
          lair_end, items_3, orc_1, orc_end, items_4, d_15, swamp_1, shoals_1,
          snake_1, spider_1, d_20, vaults_1, items_5, swamp_end, shoals_end,
          snake_end, spider_end, vaults_end, d_27, items_6, zot_1, zot_end,
          crypt_end, forest_end, elf_end, slime_end, tomb_end, abyss_end,
          pan_hell_end]

Skill      XL: |  1  2  3  4  5  6  7  8  9 10 11 12 13 14 15 16 17 18 19 20 |
---------------+-------------------------------------------------------------+-----
Fighting       | 4 5 7 8 9 11 12 14 16 18 21 24 27 | 27.0
Maces & Flails | 4 5 8 9 10 11 13 15 17 19 21 23 25 27 | 27.0
Armour         | 3 5 6 7 8 10 11 13 17 19 24 27 | 27.0
Dodging        | 2 3 4 5 6 7 8 9 12 21 26 27 | 27.0
Stealth        | 1 2 3 4 5 |  5.1
Shields        | 5 19 27 | 27.0
Throwing       | 4 20 26 | 26.8
Long Blades    | 7 23 | 23.7
Evocations     | 12 13 | 13.9

Action                   |  1- 3 |  4- 6 |  7- 9 | 10-12 | 13-15 | 16-18 | 19-21 || total
-------------------------+-------+-------+-------+-------+-------+-------+-------++-------
Melee: Mace              |    22 |     5 |       |       |       |       |       ||    27
       Tailslap          |     2 |     3 |     6 |    38 |    54 |   101 |    51 ||   255
       Morningstar       |       |    18 |    50 |   175 |       |       |       ||   243
       Punch             |       |       |     1 |     1 |       |       |     1 ||     3
       Great mace        |       |       |       |    70 |   418 |   520 |   160 ||  1168
       Whip              |       |       |       |       |       |    43 |       ||    43
       Double sword      |       |       |       |       |       |       |    84 ||    84
Throw: Javelin           |       |       |       |       |       |     7 |    35 ||    42
Invok: Berserk           |     1 |     1 |     2 |     7 |    13 |    10 |     3 ||    37
       Brothers in Arms  |       |       |       |       |     2 |       |       ||     2
Evoke: Horn of Geryon    |       |       |       |       |       |       |     1 ||     1
  Use: Potion            |       |       |       |     1 |     2 |       |       ||     3
       Scroll            |       |       |       |       |     1 |    18 |     7 ||    26
 Stab: Distracted        |       |       |       |       |       |       |     1 ||     1
Armor: Animal skin       |     6 |       |       |       |       |       |       ||     6
       Ring mail         |       |     5 |     8 |    27 |       |       |       ||    40
       Chain mail        |       |       |       |    26 |   186 |    35 |       ||   247
       Gold dragon scale |       |       |       |       |       |   211 |   125 ||   336
Dodge: Dodged            |    11 |     5 |    21 |    61 |   102 |   164 |    75 ||   439
Block: Other             |       |       |       |       |       |    47 |    15 ||    62
       Reflection        |       |       |       |       |       |       |     1 ||     1
       Tower shield      |       |       |       |       |       |       |     5 ||     5

Table legend: (Time is in decaauts) A = Elapsed time spent in this place. B = Non-inter-level travel time spent in this place. C = Inter-level travel time spent in this place. D = Time resting spent in this place. E = Time spent auto-exploring this place. F = Levels seen in this place. G = Mean time per level. A B C D E F G +--------+--------+--------+--------+--------+-----+--------+ Total | 14339 | 12999 | 1340 | 7466 | 877 | 1 | 14339.0 | Dungeon | 14339 | 12999 | 1340 | 7466 | 877 | 1 | 14339.0 | +--------+--------+--------+--------+--------+-----+--------+

Top non-repeatable levels by time:
       D: 14339 daAuts
